 Dungeon Crawl Stone Soup version 0.18-a0-1526-gcb34c7c (webtiles) character file.

43 dvd the Cudgeler (level 3, -5/34 HPs)
             Began as a Deep Dwarf Berserker on Mar 8, 2016.
             Was a Believer of Trog.
             Killed from afar by Ijyb (11 damage)
             ... with a wand of flame
             ... on level 2 of the Dungeon.
             The game lasted 00:03:44 (1116 turns).

dvd the Cudgeler (Deep Dwarf Berserker)             Turns: 1116, Time: 00:03:44

Health: -5/34      AC:  2    Str: 20    XL:     3   Next: 37%
Magic:  3/3        EV: 16    Int:  7    God:    Trog [**....]
Gold:   76         SH:  0    Dex: 13    Spells: 0 memorised, 2 levels left

rFire  . . .     SeeInvis .     a - +0 mace
rCold  . . .     Gourm    .     b - +0 animal skin
rNeg   . . .     Faith    .     (no shield)
rPois  .         Spirit   .     (no helmet)
rElec  .         Dismiss  .     (no cloak)
rCorr  .         Reflect  .     (no gloves)
SustAt .         Harm     .     (no boots)
MR     .....                    (no amulet)
Stlth  +.........               (no ring)
                                e - +3 ring of evasion

@: non-regenerating, not resistant to hostile enchantments, very unstealthy
A: damage resistance, recharge devices, sense surroundings 1, slow regeneration
3
a: Device Recharging, Berserk, Trog's Hand, Burn Spellbooks, Renounce Religion


You were on level 2 of the Dungeon.
You worshipped Trog.
Trog was pleased with you.
You were not hungry.

You visited 1 branch of the dungeon, and saw 2 of its levels.

You collected 76 gold pieces.

Inventory:

Hand Weapons
 a - a +0 mace (weapon)
 o - a +0 whip
Missiles
 j - 13 sling bullets of frost
 t - 15 stones (quivered)
Armour
 b - a +0 animal skin (worn)
Jewellery
 e - a +3 ring of evasion (left hand)
 i - an uncursed ring of teleportation
Wands
 c - a wand of heal wounds (5/9)
Scrolls
 f - 2 scrolls of magic mapping {unknown}
 h - 4 scrolls of identify
 l - a scroll of remove curse
 n - a scroll of teleportation
 p - a scroll of fear {unknown}
 q - a scroll of immolation {unknown}
 s - a scroll of noise {unknown}
Potions
 g - a potion of haste {unknown}
 k - a potion of curing
 m - a potion of resistance {unknown}
Comestibles
 d - 4 bread rations
 r - 5 chunks of flesh


   Skills:
 + Level 3.0 Fighting
 + Level 3.6 Maces & Flails
 + Level 2.2 Armour
 + Level 2.9 Dodging
 + Level 0.6 Stealth


You had 2 spell levels left.
You didn't know any spells.

Dungeon Overview and Level Annotations

Branches:
Dungeon (2/15)

Altars:

Annotations:
D:2 Ijyb


Innate Abilities, Weirdness & Mutations

You are resistant to damage.
You can recharge devices by infusing magical energy.
You passively map a small area around you.
You do not regenerate naturally.


Message History

You hit Ijyb but do no damage.
Ijyb is almost dead.
Ijyb hits you but does no damage.
You miss Ijyb.
Ijyb is almost dead.
Ijyb zaps a wand.
The puff of flame hits you!
* * * LOW HITPOINT WARNING * * *
You hit Ijyb but do no damage.
Ijyb is almost dead.
Ijyb hits you. Ijyb screams, "Me stronger than you!" Ijyb hits you.
You miss Ijyb.
Ijyb is almost dead.
Ijyb hits you.
* * * LOW HITPOINT WARNING * * *
You hit Ijyb but do no damage.
Ijyb is almost dead.
Ijyb zaps a wand.
The puff of flame hits you!
You die...

#.........#
#.........#
##.........###** *
#............ , ,
#..........# * * *
#..........# *
#..........# * #
#.##..g....# * #
#.##..@....# *#
#.##.......# * ,,
# #.##.......# ,
,*# #.##.......#*
, #
#######>.........+
, #
#................#
#
#................#
*, , *#
#................#
*###
#.........########
, , #..


You could see Ijyb.

Vanquished Creatures
  A worm (D:2)
  A dart slug (D:1)
  3 giant geckos
  A bat (D:2)
  A giant cockroach (D:1)
  4 goblins
  6 hobgoblins
  3 jackals (D:1)
  6 kobolds
  2 giant newts
  5 rats
33 creatures vanquished.

Notes
Turn   | Place    | Note
--------------------------------------------------------------
     0 | D:1      | dvd the Deep Dwarf Berserker began the quest for the Orb.
     0 | D:1      | Reached XP level 1. HP: 20/20 MP: 1/1
   215 | D:1      | Reached XP level 2. HP: 21/27 MP: 2/2
   761 | D:2      | Reached ** piety under Trog
   818 | D:2      | Reached XP level 3. HP: 17/34 MP: 3/3
  1083 | D:2      | Noticed Ijyb
  1116 | D:2      | Killed from afar by Ijyb

Vault maps used:
D:1:      dpeg_arrival_chase
D:2:      first_bread, uniq_iyjb

Skill      XL: |  1  2 |
---------------+-------+-----
Fighting       | 3 |  3.0
Maces & Flails | |  3.6
Armour         | |  2.2
Dodging        | |  2.9
Stealth        | |  0.6

Action                   || total
-------------------------++-------
Melee: Mace              ||   140
Invok: Trog's Hand       ||     2
  Use: Scroll            ||     2
       Potion            ||     1
 Stab: Sleeping          ||     2
  Eat: Chunk             ||     1
